 Dungeon Crawl Stone Soup version 0.32-a0-675-gdc239d62e1 (webtiles) character file.

Game seed: 2564570836362794273

10687 Booper the Skirmisher (level 11, -11/81 HPs)
             Began as a Coglin Hunter on Mar 12, 2024.
             Was an Elder of Fedhas.
             Mangled by a naga
             ... wielding a +0 short sword
              (20 damage)
             ... on level 2 of the Lair of Beasts.
             The game lasted 00:37:22 (11682 turns).

Booper the Skirmisher (Coglin Hunter)              Turns: 11682, Time: 00:37:23

Health: -11/81     AC: 12    Str: 13    XL:     11   Next: 66%
Magic:  13/16      EV: 17    Int:  6    God:    Fedhas [****..]
Gold:   209        SH:  0    Dex: 22    Spells: 10/10 levels left

rFire   . . .        a - +2 sling (freeze) {Gustav}
rCold   . . .        d - +0 sling {Egbert}
rNeg    . . .        y - +3 leather armour {rPois}
rPois   +            O - +2 helmet "Azxaazoz" {rElec Str+2 Int-3 SInv}
rElec   +            L - +0 cloak
rCorr   .            (no gloves)
SInv    +            j - +1 pair of boots
Will    .....        (amulet unavailable)
Stlth   ++           (ring unavailable)
HPRegen 0.33/turn    (ring unavailable)
MPRegen 0.15/turn    (no gizmo)

%: no passive effects
@: studying Throwing, revving
A: off-hand wielding, slow wielding, warmup strikes, no jewellery
a: Invent Gizmo, Renounce Religion, Wall of Briars, Grow Ballistomycete,
Overgrow


You were on level 2 of the Lair of Beasts.
You worshipped Fedhas.
Fedhas was greatly pleased with you.
You visited 3 branches of the dungeon, and saw 11 of its levels.
You also visited: Bailey and Ice Cave.

You collected 494 gold pieces.
You spent 285 gold pieces at shops.


Innate Abilities, Weirdness & Mutations

You can wield a second weapon in your off-hand.
It takes a long time for you to wield or remove held weapons.
Your first few attacks do less damage.
You cannot equip rings or amulets.


   Skills:
 - Level 6.0 Fighting
 + Level 11.4 Ranged Weapons
 - Level 3.5 Throwing
 - Level 8.0 Dodging
 - Level 0.7 Stealth
 - Level 7.0 Invocations
 - Level 4.0 Evocations


You had 10 spell levels left.
You didn't know any spells.
Your spell library contained the following spells:

 Spells                   Type           Power      Damage    Failure   Level
 Necrotise                Necr           0%         1d4       54%         1
 Slow                     Hex            0%         N/A       54%         1
 Cigotuvi's Dreadful Rot  Necr/Alch/Air  0%         N/A       67%         2
 Sublimation of Blood     Necr           0%         N/A       67%         2
 Confusing Touch          Hex            0%         N/A       88%         3
 Sigil of Binding         Hex            0%         N/A       88%         3
 Vampiric Draining        Necr           0%         2d6       88%         3
 Ignite Poison            Fire/Alch      0%         N/A       99%         4
 Martyr's Knell           Necr/Summ      0%         N/A       99%         4
 Petrify                  Alch/Erth      0%         N/A       99%         4
 Curse of Agony           Necr           0%         N/A       100%        5
 Freezing Cloud           Conj/Ice/Air   0%         6-21      100%        5
 Irradiate                Conj/Alch      0%         3d11      100%        5

Inventory:

Hand Weapons
 a - a +2 sling of freezing (weapon) {Gustav}
 d - a +0 sling (offhand) {Egbert}
 D - a +0 arbalest
   (You found it on level 6 of the Dungeon)
Missiles
 f - 21 poisoned darts
 p - 2 datura-tipped darts
 M - 4 curare-tipped darts
 N - a throwing net
Armour
 j - a +1 pair of boots (worn)
   (You found it on level 2 of the Dungeon)
 s - a +1 leather armour of fire resistance
   (You found it on level 4 of the Dungeon)
 y - a +3 leather armour of poison resistance (worn)
   (You took it off Eustachio on level 5 of the Dungeon)
 L - a +0 cloak (worn)
   (You found it on level 7 of the Dungeon)
 O - the +2 helmet "Azxaazoz" (worn) {rElec Str+2 Int-3 SInv}
   (You bought it in a shop on level 5 of the Dungeon)

   Str+2:     It affects your strength (+2).
   Int-3:     It affects your intelligence (-3).
   rElec:     It insulates you from electricity.
   SInv:      It lets you see invisible.
Wands
 k - a wand of polymorph (4)
   (You found it on level 2 of the Dungeon)
 w - a wand of light (3)
   (You found it on level 5 of the Dungeon)
 x - a wand of digging (8)
   (You found it on level 5 of the Dungeon)
 F - a wand of charming (4)
   (You took it off Maurice on level 7 of the Dungeon)
Scrolls
 b - a scroll of summoning {unknown}
 e - a scroll of fog {unknown}
 g - a scroll of immolation {unknown}
 h - a scroll of brand weapon
 i - a scroll of vulnerability {unknown}
 m - a scroll of acquirement {unknown}
 n - 2 scrolls of enchant weapon {unknown}
 o - 3 scrolls of amnesia
 q - 3 scrolls of revelation
 v - 3 scrolls of teleportation {unknown}
 A - a scroll of noise {unknown}
 K - a scroll of silence
 P - a scroll of blinking {unknown}
 Q - a scroll of enchant armour
Potions
 c - 3 potions of haste
 l - 2 potions of mutation
 r - 2 potions of berserk rage {unknown}
 t - a potion of lignification {unknown}
 u - a potion of attraction {unknown}
 z - 4 potions of curing
 B - a potion of enlightenment {unknown}
 C - 4 potions of magic {unknown}
 E - 4 potions of heal wounds {unknown}
 G - 4 potions of resistance {unknown}
 H - 3 potions of brilliance {unknown}
 I - 2 potions of cancellation {unknown}
 J - a potion of might {unknown}
Miscellaneous
 R - a condenser vane
   (You found it on level 1 of the Lair of Beasts)

Dungeon Overview and Level Annotations

Branches:
Dungeon (8/15)             Temple (1/1) D:7            Lair (2/5) D:8
 Bailey (visited)           IceCv (visited)
  Swamp: Lair:2-3    Shoals: Lair:2-3     Snake: Lair:2-3    Spider: Lair:2-3

Altars:
Ashenzari
Cheibriados
Dithmenos
Elyvilon
Fedhas
Gozag
Hepliaklqana
Kikubaaqudgha
Makhleb
Nemelex Xobeh
Okawaru
Qazlal
Ru
Sif Muna
Uskayaw
Vehumet
Wu Jian
Xom
Yredelemnul
Zin
The Shining One

Shops:
D:4 [**   D:5 *   D:8 *

Annotations:
D:7 1 runed translucent door, Crazy Yiuf

#### ###....
##...... ###...#
##.@PP.# .#
####..#N.N#...#.
....
#.....##NN......
...##
##.....###.....#
...P## ###.....##
##### ......
..........####
......
...........##.#
......
..............##
## ....>.
..#)........#..###
#. # .


You could see 4 nagas.


Message History

MP[+1] Fire: a) +2 sling (freeze) {Gustav}
Press: ? - help, Q - select action, (/) - cycle Shift-Dir - straight line, f/p - wolf
Aim: a wolf (almost dead, ally target, 57% to hit)
You shoot a sling bullet.
The sling bullet closely misses the wolf.
Fedhas protects your plant from harm. x2
You shoot a sling bullet. The sling bullet hits the wolf!
You kill the wolf!
Fedhas appreciates your contribution to the ecosystem.
You start resting.
HP[+2] MP[+1]
You regained 2 hp, and now have 29/81 hp.
Your mp is fully restored (16).
You start resting.
Your briar patch disappears in a puff of smoke! x3
HP[+52]
Your hp is fully restored (81).
There is a stone staircase leading down, spattered with blood here.
Things that are here:
a cane toad skeleton; a blink frog skeleton
Found a stone staircase leading up.
There is a stone staircase leading up here.
Found a stone staircase leading up. 2 nagas come into view.
You shoot a sling bullet. The sling bullet hits the naga.
The naga shouts!
You shoot a sling bullet.
The sling bullet barely misses the naga.
The sling bullet hits the naga but does no damage.
You hear a shout!
The naga spits poison at you. The splash of poison misses you.
You shoot a sling bullet.
The sling bullet hits the naga but does no damage.
You shoot a sling bullet.
The sling bullet barely misses the naga.
The sling bullet closely misses the naga.
You hear a shout!
A naga comes into view. It is wielding a +0 halberd.
You hear a shout!
You shoot a sling bullet. The sling bullet hits the naga.
The sling bullet freezes the naga.
You shoot a sling bullet.
The sling bullet hits the naga but does no damage.
You shoot a sling bullet.
The sling bullet hits the naga but does no damage.
You shoot a sling bullet. The sling bullet hits the naga.
A naga comes into view. It is wielding a +0 flail.
You shoot a sling bullet.
The sling bullet hits the naga but does no damage.
You shoot a sling bullet. The sling bullet hits the naga.
You shoot a sling bullet.
The sling bullet closely misses the naga.
You shoot a sling bullet. The sling bullet hits the naga.
The sling bullet freezes the naga.
The naga spits poison at you. The splash of poison misses you.
You shoot a sling bullet.
The sling bullet completely misses the naga.
You shoot a sling bullet.
The sling bullet closely misses the naga.
The naga closely misses you. The naga completely misses you.
The naga hits you with a +0 short sword!
The naga misses you. The naga attacks as it pursues you!
The naga barely misses you. The naga grabs you. The naga constricts you.
HP[-19]
You take 19 damage, and now have 62/81 hp.
MASSIVE DAMAGE!! (PAUSE)
A briar patch grows up from the ground. x3
The naga hits you with a +0 short sword!!
HP[-17] MP[-3]
You take 17 damage, and now have 45/81 hp.
MASSIVE DAMAGE!! (PAUSE)
You lost 3 mp, and now have 13/16 mp.
You walk carefully through the plants.
The naga's grasp on you weakens, but your attempt to escape fails.
The naga closely misses you. The naga constricts you.
The naga hits you with a +0 short sword!
* * * LOW HITPOINT WARNING * * *
A naga comes into view. It is wielding a +0 long sword.
The naga hits you from afar with a +0 halberd!
* * * LOW HITPOINT WARNING * * *
The naga hits you with a +0 dire flail!
* * * LOW HITPOINT WARNING * * *
The naga constricts you.
* * * LOW HITPOINT WARNING * * *
The naga spits poison at you.
The splash of poison hits you but does no damage.
You resist. The naga barely misses you.
HP[-37]
You take 37 damage, and now have 8/81 hp.
MASSIVE DAMAGE!! (PAUSE)
You walk carefully through the plants.
You escape the naga's grasp.
The naga attacks as it pursues you!
The naga hits you with a +0 short sword!!
You die...
Fedhas appreciates your contribution to the ecosystem.

Skill      XL: |  1  2  3  4  5  6  7  8  9 10 11 |
---------------+----------------------------------+-----
Dodging        | 2 3 5 6 7 8 |  8.0
Ranged Weapons | 4 5 6 7 9 10 11 | 11.4
Throwing       | 1 3 |  3.5
Invocations    | 2 3 4 5 7 |  7.0
Evocations     | 1 2 3 4 |  4.0
Fighting       | 3 4 5 6 |  6.0
Stealth        | |  0.7

Action                     |  1- 3 |  4- 6 |  7- 9 | 10-12 || total
---------------------------+-------+-------+-------+-------++-------
  Melee: Sling             |       |       |     4 |       ||     4
   Fire: Sling             |   190 |   350 |   632 |   766 ||  1938
  Throw: Dart              |       |     7 |     5 |       ||    12
 Invoke: Wall of Briars    |       |       |     3 |     4 ||     7
         Grow Ballistomyce |       |       |       |     2 ||     2
  Evoke: Wand              |       |       |     7 |     5 ||    12
    Use: Scroll            |       |     4 |     3 |     3 ||    10
         Potion            |       |     1 |     3 |       ||     4
 Armour: Leather armour    |    19 |    60 |    75 |   125 ||   279
  Dodge: Dodged            |    17 |    66 |   116 |   163 ||   362

Levels and vault maps discovered:
D:1:      dpeg_arrival_another_circle, layout_basic,
          shapermc_ecumenical_altar_petra, minivault_11
D:2:      layout_loops_cross
D:3:      layout_rooms, fedhas_altar_1, zin_statuary, serial_curves,
          eino_curves_02, eino_curves_03, eino_curves_04
D:4:      minmay_opposing_rooms, layout_gridville, elyvilon_altar_1,
          serial_shops, shop, shop, nicolae_stop_n_shop_2, corexii_checkpoint,
          kennysheep_generic_room_11
D:5:      nicolae_cairo_tiling_large, layout_basic,
          mainiacjoe_overflow_six_doors_small,
          mainiacjoe_overflow_large_starburst, serial_shops, shop,
          kennysheep_diamond, uniq_blork_the_orc, uniq_eustachio
D:6:      layout_loops_corners, evilmike_ruin_ashenzari, minmay_mini_ossuary
D:7:      layout_gridville, grunt_temple_overflow_opulence,
          minmay_temple_entry_proselytizer, enter_bailey_4,
          uniq_crazy_yiuf_cottage, uniq_pikel, uniq_jeremiah, uniq_maurice
D:8:      layout_basic, grunt_qazlal_sundering, dpeg_lair_monsters,
          dk_noncrumbling_4, kb_lookout_dungeons_type, nicolae_shop_fire_sale
          [nicolae_sub_dead_trees], kennysheep_generic_room_5
Temple:   jpeg_temple_clearing
Lair:1:   layout_layer_cave, serial_bayou_shore_b, lemuel_fruit_tree
Lair:2:   layout_gridlike, minmay_shoals_entry_hut,
          minmay_snake_entry_guardpost_medium, portal_ice_cave_entry_pillars_2,
          lemuel_another_geyser, grunt_megastairs_5

Notes
Turn   | Place    | Note
-------+----------+-------------------------------------------
     0 | D:1      | Booper the Coglin Hunter began the quest for the Orb.
     0 | D:1      | Reached XP level 1. HP: 16/16 MP: 1/1
     0 | D:1      | magus.rc [v1.11.3]
    81 | D:1      | Reached skill level 2 in Dodging
   143 | D:1      | Reached XP level 2. HP: 22/22 MP: 2/2
   359 | D:1      | Reached skill level 4 in Ranged Weapons
   567 | D:1      | Reached XP level 3. HP: 27/27 MP: 3/3
   898 | D:1      | Found a faded altar of an unknown god.
  1032 | D:2      | You pick up a book of Transmutation and begin reading...
  1032 | D:2      | You add the spells Sublimation of Blood, Petrify and
                  | Irradiate to your library.
  1117 | D:2      | You add the spells Cigotuvi's Dreadful Rot, Ignite Poison
                  | and Freezing Cloud to your library.
  1621 | D:3      | Found a glowing silver altar of Zin.
  1640 | D:3      | Reached XP level 4. HP: 33/33 MP: 4/4
  1655 | D:3      | Reached skill level 3 in Dodging
  1900 | D:3      | Found a blossoming altar of Fedhas.
  2167 | D:3      | Became a worshipper of Fedhas Madash
  2176 | D:4      | Found Mead's Assorted Antiques.
  2186 | D:4      | Found Weze's Assorted Antiques.
  2218 | D:4      | Found a white marble altar of Elyvilon.
  2243 | D:4      | Reached skill level 1 in Throwing
  2243 | D:4      | Reached XP level 5. HP: 38/38 MP: 5/5
  2320 | D:4      | Reached skill level 2 in Throwing
  2415 | D:4      | Reached skill level 5 in Ranged Weapons
  2459 | D:4      | Reached skill level 3 in Throwing
  2548 | D:4      | Reached XP level 6. HP: 33/44 MP: 6/6
  2868 | D:4      | Reached * piety under Fedhas
  3027 | D:4      | You pick up a book of Debilitation and begin reading...
  3027 | D:4      | You add the spells Slow, Sigil of Binding, Vampiric
                  | Draining and Confusing Touch to your library.
  3102 | D:4      | Reached skill level 1 in Invocations
  3348 | D:4      | Found Cesosio's Antique Armour Shop.
  3542 | D:5      | Entered Level 5 of the Dungeon
  3577 | D:5      | Found an ornate altar of the Wu Jian Council.
  3646 | D:5      | Reached skill level 2 in Invocations
  3646 | D:5      | Reached XP level 7. HP: 48/50 MP: 8/8
  3735 | D:5      | Reached skill level 6 in Ranged Weapons
  3905 | D:5      | HP: 10/50 [poisoned by a water moccasin]
  3909 | D:5      | Reached skill level 3 in Invocations
  4201 | D:5      | Noticed Blork the orc
  4211 | D:5      | Killed Blork the orc
  4212 | D:5      | Reached skill level 4 in Dodging
  4302 | D:5      | Found Qung's Assorted Antiques.
  4364 | D:5      | Found a glowing golden altar of the Shining One.
  4480 | D:5      | Noticed Eustachio
  4490 | D:5      | Killed Eustachio
  4491 | D:5      | Reached skill level 5 in Dodging
  4491 | D:5      | Reached XP level 8. HP: 28/56 MP: 10/10
  4647 | D:5      | Found a sacrificial altar of Ru.
  4854 | D:6      | Reached skill level 7 in Ranged Weapons
  5136 | D:6      | Reached skill level 4 in Invocations
  5146 | D:6      | Reached skill level 1 in Evocations
  5193 | D:6      | Reached skill level 3 in Fighting
  5451 | D:6      | Reached ** piety under Fedhas
  5546 | D:6      | Found a broken altar of Ashenzari.
  5552 | D:6      | Reached XP level 9. HP: 63/63 MP: 12/12
  5619 | D:6      | Reached skill level 8 in Ranged Weapons
  6117 | D:7      | Reached skill level 6 in Dodging
  6128 | D:7      | Noticed Maurice
  6143 | D:7      | Noticed Jeremiah
  6185 | D:7      | Maurice stole a +0 arbalest
  6188 | D:7      | Killed Maurice
  6189 | D:7      | Reached skill level 5 in Invocations
  6189 | D:7      | Reached skill level 4 in Fighting
  6198 | D:7      | Killed Jeremiah
  6199 | D:7      | Reached skill level 2 in Evocations
  6254 | D:7      | Found a flagged portal.
  6264 | Bailey   | Entered a bailey
  6366 | Bailey   | Reached *** piety under Fedhas
  6447 | Bailey   | Reached skill level 9 in Ranged Weapons
  6629 | D:7      | Reached XP level 10. HP: 71/71 MP: 14/14
  6656 | D:7      | Found a staircase to the Ecumenical Temple.
  6671 | Temple   | Entered the Ecumenical Temple
  6682 | D:7      | Noticed Pikel
  6709 | D:7      | Killed Pikel
  6710 | D:7      | Reached skill level 6 in Invocations
  6710 | D:7      | Reached skill level 5 in Fighting
  6746 | D:7      | Found a runed translucent door.
  6747 | D:7      | Noticed Crazy Yiuf
  6789 | D:7      | Found an opulent altar of Gozag.
  6790 | D:7      | Found a sparkling altar of Nemelex Xobeh.
  7348 | D:8      | Found a stormy altar of Qazlal.
  7598 | D:7      | Reached skill level 7 in Invocations
  7622 | D:7      | Reached skill level 3 in Evocations
  8197 | D:8      | Found a staircase to the Lair.
  8201 | D:8      | Reached **** piety under Fedhas
  8233 | D:8      | Noticed a cane toad
  8241 | D:8      | Killed a cane toad
  8247 | D:8      | Reached skill level 10 in Ranged Weapons
  8349 | D:8      | Found Ehiaczide's Fire Supplies.
  8596 | D:8      | You pick up a book of Necromancy and begin reading...
  8596 | D:8      | You add the spells Necrotise, Martyr's Knell and Curse of
                  | Agony to your library.
  8914 | D:5      | Bought an encrusted helmet for 285 gold pieces
  8914 | D:5      | Identified the +2 helmet "Azxaazoz" {rElec Str+2 Int-3
                  | SInv} (You bought it in a shop on level 5 of the Dungeon)
  9162 | D:8      | magus.rc [v1.11.3]
  9194 | Lair:1   | Entered Level 1 of the Lair of Beasts
  9274 | Lair:1   | Reached skill level 7 in Dodging
  9280 | Lair:1   | Reached XP level 11. HP: 74/79 MP: 16/16
  9762 | Lair:1   | Reached skill level 11 in Ranged Weapons
 10116 | Lair:1   | Reached skill level 6 in Fighting
 10236 | Lair:1   | Identified the +7 morningstar of Governance {freeze, Int+6
                  | SInv}
 10958 | Lair:2   | Noticed a six-headed hydra
 10973 | Lair:2   | Killed a six-headed hydra
 10987 | Lair:2   | Reached skill level 4 in Evocations
 11102 | Lair:2   | Found a frozen archway.
 11119 | IceCv    | Entered an ice cave
 11132 | IceCv    | HP: 16/81 [komodo dragon simulacrum (15)]
 11351 | Lair:2   | Reached skill level 8 in Dodging
 11681 | Lair:2   | HP: 9/81 [naga/+0 dire flail (17)]
 11682 | Lair:2   | Mangled by a naga

Vanquished Creatures
  A hydra (Lair:2)
  Pikel (D:7)
  Maurice (D:7)
  5 cane toads
  Jeremiah (D:7)
  2 komodo dragons
  3 blink frogs (Lair:2)
  3 basilisks
  2 wyverns
  5 yaks (Lair:1)
  Eustachio (D:5)
  A steam dragon (D:6)
  3 water moccasins
  An orc warrior (Bailey)
  A black bear (D:8)
  3 ogres
  A sky beast (D:7)
  3 centaurs (D:8)
  3 wolves (Lair:2)
  4 lemures (D:7)
  2 phantoms
  Blork the orc (D:5)
  3 gnoll sergeants
  11 bullfrogs
  2 scorpions (D:6)
  8 wights
  A lindwurm simulacrum (IceCv)
  6 killer bees
  2 howler monkeys
  A bombardier beetle (D:5)
  5 hounds
  A komodo dragon simulacrum (IceCv)
  4 orc priests
  3 gnoll boudas
  A jelly (D:8)
  5 iguanas
  3 orc wizards
  A mummy (D:6)
  32 gnolls
  An acid dragon simulacrum (IceCv)
  7 adders
  3 white imps
  5 dart slugs
  2 ribbon worms
  34 orcs
  9 bats
  5 endoplasms
  5 giant cockroaches
  14 goblins
  6 hobgoblins
  3 jackals (D:3)
  7 quokkas
  9 ball pythons
  3 frilled lizards
  10 kobolds
  A kobold zombie (D:6)
  3 orc zombies (D:6)
  5 rats
269 creatures vanquished.

Vanquished Creatures (collateral kills)
  A cane toad (Lair:2)
  A gnoll (Bailey)
  4 ballistomycete spores
6 creatures vanquished.

Grand Total: 275 creatures vanquished

Table legend:
 A = Non-vault XP
 B = Vault XP
 C = Vault XP percentage of total XP
 D = Non-vault monster count
 E = Vault monster count
 F = Vault count percentage of total count
                 A         B        C        D         E       F
            +---------+---------+-------+---------+---------+-------
      Total |   10330 |    4938 |  32.3 |     200 |      67 |  25.1
            +---------+---------+-------+---------+---------+-------
        D:1 |      39 |       0 |   0.0 |      25 |       0 |   0.0
        D:2 |      31 |       0 |   0.0 |      12 |       0 |   0.0
        D:3 |      60 |       0 |   0.0 |      24 |       0 |   0.0
        D:4 |     367 |      70 |  16.0 |      26 |      13 |  33.3
        D:5 |     518 |     338 |  39.5 |      12 |       3 |  20.0
        D:6 |    1228 |      22 |   1.8 |      26 |       5 |  16.1
        D:7 |     952 |    2004 |  67.8 |      23 |      10 |  30.3
        D:8 |    1620 |    1196 |  42.5 |      30 |      10 |  25.0
     Lair:1 |    3400 |       0 |   0.0 |      14 |       0 |   0.0
     Lair:2 |    2115 |     912 |  30.1 |       8 |       4 |  33.3
     Bailey |       0 |     278 | 100.0 |       0 |      19 | 100.0
      IceCv |       0 |     118 | 100.0 |       0 |       3 | 100.0
            +---------+---------+-------+---------+---------+-------

Skill      XL: |  1  2  3  4  5  6  7  8  9 10 11 |
---------------+----------------------------------+-----
Dodging        | 2 3 5 6 7 8 |  8.0
Ranged Weapons | 4 5 6 7 9 10 11 | 11.4
Throwing       | 1 3 |  3.5
Invocations    | 2 3 4 5 7 |  7.0
Evocations     | 1 2 3 4 |  4.0
Fighting       | 3 4 5 6 |  6.0
Stealth        | |  0.7

Action                     |  1- 3 |  4- 6 |  7- 9 | 10-12 || total
---------------------------+-------+-------+-------+-------++-------
  Melee: Sling             |       |       |     4 |       ||     4
   Fire: Sling             |   190 |   350 |   632 |   766 ||  1938
  Throw: Dart              |       |     7 |     5 |       ||    12
 Invoke: Wall of Briars    |       |       |     3 |     4 ||     7
         Grow Ballistomyce |       |       |       |     2 ||     2
  Evoke: Wand              |       |       |     7 |     5 ||    12
    Use: Scroll            |       |     4 |     3 |     3 ||    10
         Potion            |       |     1 |     3 |       ||     4
 Armour: Leather armour    |    19 |    60 |    75 |   125 ||   279
  Dodge: Dodged            |    17 |    66 |   116 |   163 ||   362

Illustrated notes

Table legend:
 A = Kills in this place as a percentage of kills in the entire game.
 B = Kills by you in this place as a percentage of kills by you in the entire game.
 C = Kills by friends in this place as a percentage of kills by friends in the entire game.
 D = Other kills in this place as a percentage of other kills in the entire game.
 E = Experience gained in this place as a percentage of experience gained in the entire game.
 F = Experience gained in this place divided by the number of levels of this place that you have seen.
                   A       B       C       D       E      F
               +-------+-------+-------+-------+-------+----------------------
         Total | 100.0 | 100.0 | 100.0 | 100.0 | 100.0 | 1174.5
       Dungeon |  82.0 |  83.0 |   0.0 |   0.0 |  55.3 | 1055.6
          Lair |   9.7 |   9.1 |  50.0 | 100.0 |  42.1 | 3213.5
        Bailey |   7.1 |   6.8 |  50.0 |   0.0 |   1.8 | 278.0
      Ice Cave |   1.1 |   1.1 |   0.0 |   0.0 |   0.8 | 118.0
               +-------+-------+-------+-------+-------+----------------------

Table legend: (Time is in decaauts)
 A = Elapsed time spent in this place.
 B = Non-inter-level travel time spent in this place.
 C = Inter-level travel time spent in this place.
 D = Time resting spent in this place.
 E = Time spent auto-exploring this place.
 F = Levels seen in this place.
 G = Mean time per level.
                   A        B        C        D        E       F      G
               +--------+--------+--------+--------+--------+-----+--------+
         Total |  11754 |  11224 |    530 |   1727 |   7183 |  13 |  904.2 |
       Dungeon |   8942 |   8437 |    505 |   1117 |   5559 |   8 | 1117.8 |
        Temple |      1 |      1 |      0 |      0 |      0 |   1 |    1.0 |
          Lair |   2272 |   2247 |     25 |    413 |   1559 |   2 | 1136.0 |
        Bailey |    326 |    326 |      0 |      0 |     64 |   1 |  326.0 |
      Ice Cave |    211 |    211 |      0 |    197 |      0 |   1 |  211.0 |
               +--------+--------+--------+--------+--------+-----+--------+

Top non-repeatable levels by time:
  Lair:1: 1741 daAuts
     D:7: 1404 daAuts
     D:4: 1374 daAuts
     D:6: 1364 daAuts
     D:5: 1306 daAuts
     D:8: 1285 daAuts
     D:1: 931 daAuts
     D:2: 657 daAuts
     D:3: 618 daAuts
  Lair:2: 530 daAuts
  Bailey: 326 daAuts
   IceCv: 211 daAuts
  Temple: 1 daAuts
